 Dungeon Sprint DCSS version 0.29-a0-459-g97dee8cd24 (webtiles) character file.

Game seed: 5415045836296805952

11582 mhtbhm the Impaler (level 11, -3/184 HPs)
             Began as a Minotaur Berserker on May 20, 2022.
             Was a High Priest of Trog.
             Slain by an electric golem (19 damage)
             ... in the Dungeon (Sprint II: "The Violet Keep of Menkaure").
             The game lasted 00:05:08 (3392 turns).

mhtbhm the Impaler (Minotaur Berserker)             Turns: 3392, Time: 00:05:08

Health: -3/184     AC: 14    Str: 25 (26) XL:     11   Next: 51%
Magic:  10/10      EV: 16    Int:  0      God:    Trog [*****.]
Gold:   1006       SH:  0    Dex: 13      Spells: 10/10 levels left

rFire   . . .      SeeInvis +   a - +2 glaive
rCold   . . .      Faith    .   (shield currently unavailable)
rNeg    . . .      Spirit   .   b - +0 scale mail {Will+}
rPois   +          Reflect  .   (helmet restricted)
rElec   .          Harm     .   (no cloak)
rCorr   .          Rampage  .   k - +1 pair of gloves {Dex+3}
Will    ++...      NoTele   +   i - +1 pair of boots {Fly}
Stlth   ..........              (no amulet)
HPRegen 0.40/turn               j - ring of Life {rPois Will+ Int-2 SInv Stlth+}
MPRegen 0.12/turn               (no ring)

@: berserking, flying, slowed, lost intelligence, unable to read
A: horns 2, retaliatory headbutt, deterioration 1, dopey 1
a: Renounce Religion, Berserk, Trog's Hand, Brothers in Arms


You were in the Dungeon.
You worshipped Trog.
Trog was extremely pleased with you.
You visited 1 branch You collected 1798 gold pieces.
You spent 792 gold pieces at shops.

Inventory:

Hand Weapons
 a - a +2 glaive (weapon)
Armour
 b - a +0 scale mail of willpower (worn)
 i - a +1 pair of boots of flying (worn)
 k - a +1 pair of gloves of dexterity (worn)
Jewellery
 j - the ring of Life (left hand) {rPois Will+ Int-2 SInv Stlth+}
   (You bought it in a shop in the Dungeon)

   [ring of poison resistance]

   Int:       It affects your intelligence (-2).
   rPois:     It protects you from poison.
   SInv:      It lets you see invisible.
   Will:      It increases your willpower.
   Stlth:     It makes you more stealthy.
Scrolls
 h - 3 scrolls of blinking
 l - a scroll of poison
 m - a scroll of enchant armour {unknown}
 o - a scroll of amnesia {unknown}
 p - 2 scrolls of brand weapon {unknown}
 u - a scroll of magic mapping {unknown}
 x - a scroll of fear
Potions
 c - a potion of curing
 d - 3 potions of heal wounds
 e - 4 potions of haste
 f - 5 potions of magic
 g - a potion of berserk rage
 q - 4 potions of resistance
 r - 2 potions of brilliance
 s - 6 potions of flight {unknown}
 t - a potion of lignification {unknown}
 v - a potion of might {unknown}
 w - 4 potions of degeneration {unknown}
 z - a potion of ambrosia {unknown}


   Skills:
 + Level 19.3 Fighting
 + Level 20.4 Polearms
 + Level 12.7 Armour
 + Level 13.9 Dodging
 + Level 3.7 Stealth


You had 10 spell levels left.
You didn't know any spells.
Your spell library was empty.

Dungeon Overview and Level Annotations

Branches:
Dungeon (1/1)

Altars:
Cheibriados
Dithmenos
Elyvilon
Fedhas
Gozag
Hepliaklqana
Kikubaaqudgha
Makhleb
Nemelex Xobeh
Okawaru
Qazlal
Ru
Sif Muna
Trog
Uskayaw
Vehumet
Wu Jian
Xom
Yredelemnul
Zin
The Shining One
Beogh
Jiyva
Lugonu

Shops:
D [:!:=[=!?![(=(*

Annotations:
D exclusions: obsidian statue and oklob plant


Innate Abilities, Weirdness & Mutations

You have a pair of horns on your head.
You reflexively headbutt those who attack you in melee.
Your body sometimes deteriorates upon taking damage.
You are dopey. (Int -2)


Message History

No target in view!
No target in view!
No target in view!
No target in view!
You start resting.
You start resting.
An electric golem, a toenail golem and an earth elemental come into view.
Found 243 gold pieces.
The electric golem blinks!
The electric golem misses you. You furiously retaliate!
You headbutt the electric golem.
The electric golem hits you but does no damage. x2
The electric golem hits you! The electric golem barely misses you.
The electric golem hits you. The electric golem shocks you!
Your body deteriorates!
You feel weakened.
The electric golem barely misses you. x2
The electric golem attacks as you move away!
The electric golem hits you. The electric golem shocks you!!
The electric golem misses you. The electric golem hits you. x2
The electric golem barely misses you.
The electric golem closely misses you. x2
The electric golem misses you.
A red film seems to cover your vision as you go berserk!
You feel yourself moving faster!
You feel mighty!
The electric golem hurls lightning at you.
The bolt of lightning hits you!!
The electric golem hits you but does no damage.
The electric golem hits you! The electric golem shocks you!
* * * LOW HITPOINT WARNING * * *
The electric golem misses you. The electric golem closely misses you.
The electric golem misses you. The electric golem hits you.
* * * LOW HITPOINT WARNING * * *
The electric golem shocks you!
* * * LOW HITPOINT WARNING * * *
The electric golem closely misses you. The electric golem hits you.
* * * LOW HITPOINT WARNING * * *
You barely miss the electric golem. You headbutt the electric golem!
The electric golem is lightly damaged.
The electric golem hits you!
* * * LOW HITPOINT WARNING * * *
The electric golem shocks you!!
You die...

≈SS§≈## $▓▓▓+▓▓▓▓.▓ §3§§SS##++#
.E+...▓0..▓ ≈§§≈§#
...###.#...▓▓▓▓▓▓▓▓▓▓ S§§S#
....#9#..○▓≈≈≈≈≈≈≈≈▓▓ #§''#
^..#.##}[▓▓▓▓▓▓▓▓▓▓▓ . ≈§≈.
.^#..#))▓)......(▓▓ ##'##§§
####.#..#|}▓()..[.[.▓▓ #...#
§####.|'.##9#[)▓:.[.)..(▓▓ .##..#
...#..#).@####▓.))[..=(▓▓
#.######..#####..##.#▓).....).▓▓
##'###.##..#..'.^#..#▓...(....▓▓
##.##.#†#..#(.#..#..#▓........▓▓
'.<.'###)..####..##.#▓[(..(...▓▓
##.##.#.#...§###...##▓▓▓▓▓▓▓'▓▓▓▓
##†###.##...§..≈≈≈≈≈≈≈≈≈≈≈≈≈)..≈≈
#.#.####≈≈.....≈#+########'###.≈≈
..#..#≈≈≈§≈≈≈..≈#_._._...#§§≈##≈≈


You could see an electric golem.

Vanquished Creatures
  A kraken (D)
  2 sphinxes (D)
  2 boulder beetles (D)
  2 hell hogs (D)
  2 death drakes (D)
  2 deep trolls (D)
  2 cane toads (D)
  A yaktaur (D)
  3 polar bears (D)
  A hornet (D)
  2 wyverns (D)
  A vampire mosquito (D)
  4 neqoxecs (D)
  5 water moccasins (D)
  A swamp drake (D)
  An earth elemental (D)
  4 scorpions (D)
  4 tentacles (D)
40 creatures vanquished.

Vanquished Creatures (collateral kills)
  A crystal guardian (D)
  A swamp drake (D)
2 creatures vanquished.

Vanquished Creatures (others)
  Menkaure (D)
  2 tentacles (D)
3 creatures vanquished.

Grand Total: 45 creatures vanquished

Notes
Turn   | Place    | Note
-------+----------+-------------------------------------------
     0 | D        | mhtbhm the Minotaur Berserker began the quest for the Orb.
     0 | D        | Reached XP level 1. HP: 19/19 MP: 0/0
     1 | D        | Noticed a neqoxec
     8 | D        | Killed a neqoxec
     9 | D        | Reached skill level 8 in Polearms
     9 | D        | Reached XP level 2. HP: 35/35 MP: 1/1
     9 | D        | Reached XP level 3. HP: 40/40 MP: 2/2
     9 | D        | Reached XP level 4. HP: 48/48 MP: 3/3
    88 | D        | Killed Menkaure
   139 | D        | Noticed a neqoxec
   148 | D        | Killed a neqoxec
   149 | D        | Reached skill level 10 in Polearms
   149 | D        | Reached skill level 5 in Armour
   149 | D        | Reached XP level 5. HP: 41/58 MP: 4/4
   214 | D        | Noticed a water moccasin
   223 | D        | Killed a water moccasin
   223 | D        | Reached ** piety under Trog
   224 | D        | Reached skill level 10 in Fighting
   224 | D        | Reached skill level 11 in Polearms
   224 | D        | Reached skill level 5 in Dodging
   224 | D        | Reached XP level 6. HP: 47/67 MP: 5/5
   363 | D        | Noticed a neqoxec
   376 | D        | Gained mutation: You are dopey. (Int -2) [a neqoxec]
   379 | D        | Lost intelligence.
   384 | D        | Gained mutation: Your body sometimes deteriorates upon
                  | taking damage. [a neqoxec]
   387 | D        | Killed a neqoxec
   501 | D        | Noticed a wyvern
   501 | D        | Noticed a wyvern
   511 | D        | Killed a wyvern
   512 | D        | Reached skill level 12 in Polearms
   512 | D        | Reached XP level 7. HP: 37/77 MP: 6/6
   753 | D        | Killed a wyvern
   754 | D        | Reached skill level 13 in Polearms
   775 | D        | Noticed a neqoxec
   783 | D        | Killed a neqoxec
   783 | D        | Reached *** piety under Trog
   984 | D        | Noticed a boulder beetle
   984 | D        | Noticed a boulder beetle
   994 | D        | Reached XP level 8. HP: 86/86 MP: 7/7
   995 | D        | Reached **** piety under Trog
   998 | D        | Reached skill level 14 in Polearms
  1061 | D        | Found Soidgh's General Store.
  1061 | D        | Found Dacw's Antique Weapon Shoppe.
  1062 | D        | Found Gyovvik's Jewellery Emporium.
  1062 | D        | Found Hexeef's Weapon Shoppe.
  1062 | D        | Found Goydwurph's Antique Armour Emporium.
  1064 | D        | Found Venuy's Distillery.
  1064 | D        | Found Etsiujab's Magic Scroll Shoppe.
  1064 | D        | Found Nuantib's Distillery.
  1064 | D        | Found Zimet's Jewellery Shoppe.
  1065 | D        | Found Arghavoji's Antique Armour Emporium.
  1065 | D        | Found Weuxketu's Jewellery Shoppe.
  1065 | D        | Noticed a death yak
  1066 | D        | Found Acrura's Book Shoppe.
  1066 | D        | Found Jaifopyb's Distillery.
  1066 | D        | Noticed an oklob plant
  1066 | D        | Noticed a shining eye
  1067 | D        | Found Aboonis's Antique Armour Shoppe.
  1067 | D        | Found Muilygg's Book Shoppe.
  1068 | D        | Noticed a shining eye
  1070 | D        | Noticed a shining eye
  1094 | D        | Bought a pair of glowing boots for 135 gold pieces
  1107 | D        | Bought the ring of Life {rPois Will+ Int-2 SInv Stlth+} for
                  | 389 gold pieces
  1115 | D        | Bought a pair of glowing gloves for 135 gold pieces
  1169 | D        | Killed a boulder beetle
  1170 | D        | Reached skill level 15 in Polearms
  1422 | D        | Killed a boulder beetle
  1423 | D        | Reached skill level 15 in Fighting
  1423 | D        | Reached skill level 16 in Polearms
  1423 | D        | Reached XP level 9. HP: 100/100 MP: 8/8
  1599 | D        | Bought a shiny scale mail for 133 gold pieces
  1628 | D        | Found an iron altar of Okawaru.
  1628 | D        | Found an opulent altar of Gozag.
  1629 | D        | Found a sparkling altar of Nemelex Xobeh.
  1629 | D        | Found a blossoming altar of Fedhas.
  1632 | D        | Found a burning altar of Makhleb.
  1632 | D        | Found a white marble altar of Elyvilon.
  1632 | D        | Found a radiant altar of Vehumet.
  1633 | D        | Found a corrupted altar of Lugonu.
  1633 | D        | Found a shadowy altar of Dithmenos.
  1633 | D        | Found a hide-covered altar of Uskayaw.
  1634 | D        | Found an ancient bone altar of Kikubaaqudgha.
  1634 | D        | Found a snail-covered altar of Cheibriados.
  1634 | D        | Found a bloodstained altar of Trog.
  1634 | D        | Found a glowing silver altar of Zin.
  1636 | D        | Noticed an obsidian statue
  1647 | D        | Found a viscous altar of Jiyva.
  1647 | D        | Found a shimmering blue altar of Sif Muna.
  1647 | D        | Found a basalt altar of Yredelemnul.
  1654 | D        | Noticed a polar bear
  1654 | D        | Noticed a polar bear
  1655 | D        | Noticed a polar bear
  1657 | D        | Noticed a yaktaur
  1673 | D        | Killed a polar bear
  1679 | D        | Killed a polar bear
  1679 | D        | Reached ***** piety under Trog
  1680 | D        | Reached skill level 1 in Stealth
  1688 | D        | Killed a polar bear
  1689 | D        | Reached skill level 10 in Dodging
  1692 | D        | Killed a yaktaur
  1693 | D        | Reached skill level 17 in Polearms
  1785 | D        | Found a shimmering altar of Xom.
  1785 | D        | Found a sacrificial altar of Ru.
  1786 | D        | Found a glowing golden altar of the Shining One.
  1786 | D        | Found an ornate altar of the Wu Jian Council.
  1786 | D        | Found a stormy altar of Qazlal.
  1899 | D        | Noticed a kraken
  2047 | D        | Killed a kraken
  2047 | D        | Received a gift from Trog
  2048 | D        | Reached XP level 10. HP: 108/111 MP: 9/9
  2174 | D        | Found a hazy altar of Hepliaklqana.
  2184 | D        | Reached skill level 18 in Polearms
  2352 | D        | Noticed a deep troll
  2352 | D        | Noticed a deep troll
  2361 | D        | Killed a deep troll
  2366 | D        | Killed a deep troll
  2367 | D        | Reached skill level 10 in Armour
  2513 | D        | Noticed a sphinx
  2513 | D        | Noticed a sphinx
  2513 | D        | Paralysed by a sphinx for 2 turns
  2517 | D        | Paralysed by a sphinx for 3 turns
  2525 | D        | Killed a sphinx
  2528 | D        | Killed a sphinx
  2529 | D        | Reached skill level 19 in Polearms
  2529 | D        | Reached XP level 11. HP: 97/121 MP: 10/10
  2699 | D        | Lost intelligence.
  2705 | D        | Noticed a death drake
  2707 | D        | Noticed a death drake
  2710 | D        | Noticed a crystal guardian
  2712 | D        | Killed a death drake
  2716 | D        | Killed a death drake
  2720 | D        | Killed a crystal guardian
  2966 | D        | Reached skill level 20 in Polearms
  3098 | D        | Noticed a hell hog
  3098 | D        | Noticed a hell hog
  3105 | D        | Killed a hell hog
  3105 | D        | Received a gift from Trog
  3106 | D        | Killed a hell hog
  3389 | D        | Noticed an electric golem
  3392 | D        | Slain by an electric golem

Illustrated notes

Levels and vault maps discovered:
D:        the_violet_keep_of_menkaure [sprint2_stairs_cluster_1,
          sprint2_shoproom, sprint2_temple, sprint2_basic_supplies,
          sprint2_obstacle_5, sprint2_obstacle_3, sprint2_obstacle_7,
          sprint2_obstacle_4, sprint2_obstacle_1, sprint2_timed_cluster_1,
          sprint2_smallroom_cluster_1, sprint2_smallroom_final_cluster_1,
          sprint2_transparent_cluster_1, sprint2_second_timed_cluster_1,
          sprint2_sniper_area_1, sprint2_heavy_combat_area_1,
          sprint2_mutation_trap_area_1, sprint2_forest_area_1,
          sprint2_light_combat_area_1, sprint2_behind_water_1,
          sprint2_near_end_vault_1]

Skill      XL: |  1  2  3  4  5  6  7  8  9 10 11 |
---------------+----------------------------------+-----
Fighting       | 8 9 10 12 13 15 17 18 19 | 19.3
Polearms       | 8 10 11 12 13 16 17 19 20 | 20.4
Armour         | 4 5 6 8 9 11 12 | 12.7
Dodging        | 3 4 5 6 9 11 13 | 13.9
Stealth        | 1 2 3 |  3.7

Action                   |  1- 3 |  4- 6 |  7- 9 | 10-12 || total
-------------------------+-------+-------+-------+-------++-------
Melee: Spear             |     6 |    36 |   136 |       ||   178
       Headbutt          |       |     4 |    32 |     9 ||    45
       Punch             |       |     2 |       |       ||     2
       Glaive            |       |       |       |    63 ||    63
Invok: Berserk           |     1 |     1 |     5 |     5 ||    12
       Brothers in Arms  |       |       |       |     1 ||     1
  Use: Scroll            |       |       |     4 |       ||     4
 Stab: Distracted        |       |       |       |     1 ||     1
Armor: Animal skin       |       |     2 |     4 |       ||     6
       Scale mail        |       |       |    16 |    24 ||    40
Dodge: Dodged            |     2 |    11 |    44 |    50 ||   107

Table legend: (Time is in decaauts)
 A = Elapsed time spent in this place.
 B = Non-inter-level travel time spent in this place.
 C = Inter-level travel time spent in this place.
 D = Time resting spent in this place.
 E = Time spent auto-exploring this place.
 F = Levels seen in this place.
 G = Mean time per level.
                   A        B        C        D        E       F      G
               +--------+--------+--------+--------+--------+-----+--------+
         Total |   3702 |   3702 |      0 |   2932 |      0 |   1 | 3702.0 |
       Dungeon |   3702 |   3702 |      0 |   2932 |      0 |   1 | 3702.0 |
               +--------+--------+--------+--------+--------+-----+--------+

Top non-repeatable levels by time:
       D: 3702 daAuts
